 Dungeon Crawl Stone Soup version 0.20.0 (webtiles) character file.

59 Danakh the Skirmisher (level 3, -8/29 HPs)
             Began as a Demonspawn Fighter on May 29, 2017.
             Was an Initiate of Okawaru.
             Killed by divine providence
             ... invoked by an orc priest
              (10 damage)
             ... on level 3 of the Dungeon.
             The game lasted 00:05:02 (1854 turns).

Danakh the Skirmisher (Demonspawn Fighter)          Turns: 1854, Time: 00:05:02

Health: -8/29      AC:  8    Str: 17    XL:     3   Next: 78%
Magic:  3/3        EV:  7    Int:  9    God:    Okawaru [......]
Gold:   82         SH:  9    Dex: 12    Spells: 2/2 levels left

rFire    . . .     SeeInvis .   a - +0 war axe
rCold    . . .     Gourm    .   c - +0 shield
rNeg     . . .     Faith    .   b - +0 scale mail
rPois    .         Spirit   .   (no helmet)
rElec    .         Reflect  .   (no cloak)
rCorr    .         Harm     .   (no gloves)
MR       .....                  (no boots)
Stlth    ..........             (no amulet)
Regen    0.1/turn               (no ring)
MPRegen  0.1/turn               (no ring)

@: no status effects
A: yellow scales 1, spiny 1
a: Renounce Religion


You were on level 3 of the Dungeon.
You worshipped Okawaru.
Okawaru was noncommittal.
You were not hungry.

You visited 1 branch of the dungeon, and saw 3 of its levels.

You collected 82 gold pieces.

Inventory:

Hand Weapons
 a - a +0 war axe (weapon)
Armour
 b - a +0 scale mail (worn)
 c - a +0 shield (worn)
Wands
 t - a wand of iceblast (6/15)
 x - a wand of flame (17/48)
Scrolls
 e - 3 scrolls of teleportation {unknown}
 g - a scroll of fear {unknown}
 k - a scroll of random uselessness {unknown}
 l - 2 scrolls of immolation {unknown}
 n - 2 scrolls of remove curse {unknown}
 q - a scroll of magic mapping {unknown}
 r - a scroll of amnesia {unknown}
 s - a scroll of enchant armour {unknown}
Potions
 d - a potion of might
 h - a potion of haste {unknown}
 i - a potion of resistance {unknown}
 j - a potion of invisibility {unknown}
 m - 2 potions of magic {unknown}
 o - a potion of lignification {unknown}
 u - a potion of heal wounds {unknown}
 v - a potion of agility {unknown}
Comestibles
 f - 4 bread rations
 p - 2 meat rations
 w - 2 chunks of flesh
 z - a royal jelly


   Skills:
 + Level 3.3 Fighting
 + Level 2.4 Axes
 + Level 3.2 Armour
 + Level 0.1 Dodging
 + Level 3.2 Shields


You had 2 spell levels left.
You didn't know any spells.

Dungeon Overview and Level Annotations

Branches:
Dungeon (3/15)

Altars:
Okawaru


Innate Abilities, Weirdness & Mutations

You are partially covered in yellow scales. (AC +2)
You are partially covered in sharp spines.


Message History

Pain shoots through your body!
An orc comes into view. It is wielding a trident.
You barely miss the orc priest. The orc priest hits you.
You are too injured to fight recklessly!
Okay, then.
You hit the orc priest.
The orc priest is lightly wounded.
The orc priest calls down the wrath of Beogh upon you.
Beogh smites you!
* * * LOW HITPOINT WARNING * * *
The orc priest looks braver for a moment.
Evoke which item? (* to show all) (? for menu, Esc to quit)
Okay, then.
The orc priest looks satisfied for a moment.
The orc priest begins to cast a cantrip, but forgets the words!
You see here a frilled lizard corpse.
The orc priest looks encouraged for a moment.
The orc priest calls down the wrath of Beogh upon you.
Beogh smites you!
You die...

...# #.#
##.# #o#
#.# #.#
#.# #.#
#.# #.#
#.# #†#
#.# #o#
.#.# #.#
.#.# #@#
##.# #.#
##.# #.#
...#
######.##
####
#.......#
..#
#.#######
#.# #.#
#.# #.#
#.# #.#


You could see an orc warrior and an orc priest.

Vanquished Creatures
  3 adders (D:2)
  A worm (D:2)
  A dart slug (D:2)
  2 leopard geckos
  A ball python (D:2)
  A giant cockroach (D:2)
  3 hobgoblins (D:2)
  3 jackals (D:2)
  2 bats
  4 frilled lizards
  2 goblins (D:1)
  4 kobolds (D:1)
  2 rats
29 creatures vanquished.

Notes
Turn   | Place    | Note
-------+----------+-------------------------------------------
     0 | D:1      | Danakh the Demonspawn Fighter began the quest for the Orb.
     0 | D:1      | Reached XP level 1. HP: 18/18 MP: 1/1
   559 | D:1      | Gained mutation: You are partially covered in sharp spines. [demonic ancestry]
   559 | D:1      | Reached XP level 2. HP: 17/24 MP: 2/2
   923 | D:2      | Gained mutation: You are partially covered in yellow scales. (AC +2) [demonic ancestry]
   923 | D:2      | Reached XP level 3. HP: 7/29 MP: 3/3
  1248 | D:2      | Found an iron altar of Okawaru.
  1256 | D:2      | Became a worshipper of Warmaster Okawaru
  1836 | D:3      | Noticed an orc warrior
  1839 | D:3      | HP: 1/29 [orc priest/divine providence (11)]
  1854 | D:3      | Killed from afar by an orc priest

Skill      XL: |  1  2 |
---------------+-------+-----
Shields        | 3 |  3.2
Axes           | 2 |  2.4
Armour         | 3 |  3.2
Fighting       | |  3.3
Dodging        | |  0.1

Action                   || total
-------------------------++-------
Melee: War axe           ||    82
  Eat: Chunk             ||     3
Armor: Scale mail        ||    38
Dodge: Dodged            ||    25
Block: Shield            ||    47
